MID
LAKEWOOD BLUECLAWS @ WISCONSIN TIMBER RATTLERS
06/30/2048
 
TOP OF THE 1ST
Lakewood BlueClaws batting - Pitching for Wisconsin Timber Rattlers : LHP Mike Moffett
Pitching: LHP Mike Moffett
Batting: LHB Matt Urbanek 0-0: Called Strike
0-1: Foul Ball, location: 2F
0-2: Foul Ball, location: 2F
0-2: Strikes out swinging
Batting: RHB Vaclav Been 0-0: Ball
1-0: Ball
2-0: Swinging Strike
2-1: SINGLE (Groundball, 6MD, EV 100.0 MPH)
Batting: RHB Mike Bell 0-0: Ball
1-0: Foul Ball, location: 2F
1-1: Foul Ball, location: 2F
1-2: Ball
2-2: Ball
3-2: Base on Balls
Vaclav Been to second
Batting: RHB Victor Arias 0-0: Ball
1-0: Foul Ball, location: 2F
1-1: Called Strike
1-2: Ball
2-2: Strikes out swinging
Batting: SHB Steve DeRienzo 0-0: Swinging Strike
0-1: Ball
1-1: Foul Ball, location: 2F
1-2: Ball
2-2: Strikes out swinging
Top of the 1st over - 0 runs, 1 hit, 0 errors, 2 left on base; Lakewood 0 - Wisconsin 0
BOTTOM OF THE 1ST
Wisconsin Timber Rattlers batting - Pitching for Lakewood BlueClaws : RHP Josh Howell
Pitching: RHP Josh Howell
Batting: RHB Chris Maul 0-0: SINGLE (Groundball, P, EV 98.8 MPH)
Batting: SHB Robert Sayer 0-0: Fielders Choice at 2nd, 3-6 (Groundball, 3, EV 81.9 MPH)
Batting: LHB Karel Hort 0-0: Called Strike
0-1: Ball
Robert Sayer is caught stealing 2nd base 2-6
1-1: Foul Ball, location: 2F
1-2: Strikes out swinging
Bottom of the 1st over - 0 runs, 1 hit, 0 errors, 0 left on base; Lakewood 0 - Wisconsin 0
TOP OF THE 2ND
Lakewood BlueClaws batting - Pitching for Wisconsin Timber Rattlers : LHP Mike Moffett
Batting: RHB Trent Hedrick 0-0: Called Strike
0-1: Ball
1-1: Fly out, F9 (Flyball, 9D, EV 92.5 MPH)
Batting: LHB Eric Farren 0-0: Ball
1-0: Ball
2-0: Ball
3-0: Called Strike
3-1: Called Strike
3-2: Foul Ball, location: 2F
3-2: Base on Balls
Batting: RHB Bryan Alfaro 0-0: Ball
1-0: Called Strike
1-1: Ball
2-1: Ball
3-1: Foul Ball, location: 2F
3-2: Foul Ball, location: 2F
3-2: Foul Ball, location: 2F
3-2: Fly out, F3 (Flyball, 3D, EV 88.1 MPH)
Batting: RHB Cory Bonham 0-0: Ball
1-0: Ball
2-0: Ball
3-0: Called Strike
3-1: Foul Ball, location: 2F
3-2: Ground out 6-3 (Groundball, 6, EV 103.8 MPH)
Top of the 2nd over - 0 runs, 0 hits, 0 errors, 1 left on base; Lakewood 0 - Wisconsin 0
BOTTOM OF THE 2ND
Wisconsin Timber Rattlers batting - Pitching for Lakewood BlueClaws : RHP Josh Howell
Batting: SHB Justin Hensley 0-0: Called Strike
0-1: Ball
1-1: SINGLE (Groundball, 6D, EV 100.6 MPH)
Batting: RHB Ryan Miller 0-0: Swinging Strike
0-1: Swinging Strike
0-2: Strikes out swinging
Batting: SHB Ramon Perez 0-0: Foul Ball, location: 2F
0-1: Ball
1-1: Swinging Strike
1-2: Fly out, F8 (Flyball, 8RD, EV 100.0 MPH)
Batting: LHB Tyler Francis 0-0: Ball
1-0: 2-RUN HOME RUN (Flyball, 9D, EV 94.4 MPH), Distance : 375 ft
Batting: RHB Dan Allred 0-0: Ball
1-0: Hit by Pitch
Batting: RHB Michael Dickerson 0-0: Called Strike
0-1: Ball
1-1: Ball
2-1: Foul Ball, location: 2F
2-2: Fly out, F8 (Line Drive, 8RD, EV 108.1 MPH)
Bottom of the 2nd over - 2 runs, 2 hits, 0 errors, 1 left on base; Lakewood 0 - Wisconsin 2
TOP OF THE 3RD
Lakewood BlueClaws batting - Pitching for Wisconsin Timber Rattlers : LHP Mike Moffett
Batting: LHB Matt Urbanek 0-0: Called Strike
0-1: Ground out 6-3 (Groundball, 6M, EV 103.1 MPH)
Batting: RHB Vaclav Been 0-0: Called Strike
0-1: Ball
1-1: Foul Ball, location: 2F
1-2: Strikes out looking
Batting: RHB Mike Bell 0-0: Ball
1-0: Called Strike
1-1: Called Strike
1-2: Ball
2-2: SINGLE (Line Drive, 7S, EV 88.8 MPH)
Batting: RHB Victor Arias 0-0: Ball
1-0: Ball
2-0: Foul Ball, location: 2F
2-1: SINGLE (Groundball, 4MD, EV 107.5 MPH)
Mike Bell to second
Runner from 2nd tries for 3rd, SAFE, throw by CF made to third
Batting: SHB Steve DeRienzo 0-0: Called Strike
0-1: Ball
1-1: Swinging Strike
1-2: Ground out 6-3 (Groundball, P, EV 86.9 MPH)
Top of the 3rd over - 0 runs, 2 hits, 0 errors, 2 left on base; Lakewood 0 - Wisconsin 2
BOTTOM OF THE 3RD
Wisconsin Timber Rattlers batting - Pitching for Lakewood BlueClaws : RHP Josh Howell
Batting: RHB Chris Maul 0-0: Ball
1-0: Foul Ball, location: 2F
1-1: Foul Ball, location: 2F
1-2: Ground out U3 (Groundball, 13, EV 90.0 MPH)
Batting: SHB Robert Sayer 0-0: Hit by Pitch
Batting: LHB Karel Hort 0-0: Ball
Robert Sayer steals 2nd base
1-0: Foul Ball, location: 2F
1-1: Ball
2-1: Swinging Strike
2-2: Foul Ball, location: 2F
2-2: 2-RUN HOME RUN (Flyball, 89XD, EV 107.5 MPH), Distance : 420 ft
Batting: SHB Justin Hensley 0-0: Called Strike
0-1: Foul Ball, location: 2F
0-2: Fly out, F5 (Popup, 56S, EV 85.0 MPH)
Batting: RHB Ryan Miller 0-0: Called Strike
0-1: Ground out 4-3 (Groundball, 4, EV 83.1 MPH)
Bottom of the 3rd over - 2 runs, 1 hit, 0 errors, 0 left on base; Lakewood 0 - Wisconsin 4
TOP OF THE 4TH
Lakewood BlueClaws batting - Pitching for Wisconsin Timber Rattlers : LHP Mike Moffett
Batting: RHB Trent Hedrick 0-0: Ball
1-0: SINGLE (Line Drive, 6MD, EV 108.8 MPH)
Batting: LHB Eric Farren 0-0: Grounds into double play, 5-4-3 (Groundball, 5, EV 98.1 MPH)
Batting: RHB Bryan Alfaro 0-0: Ball
1-0: Foul Ball, location: 2F
1-1: Ball
2-1: Called Strike
2-2: Fly out, F6 (Line Drive, 6, EV 65.6 MPH)
Top of the 4th over - 0 runs, 1 hit, 0 errors, 0 left on base; Lakewood 0 - Wisconsin 4
BOTTOM OF THE 4TH
Wisconsin Timber Rattlers batting - Pitching for Lakewood BlueClaws : RHP Josh Howell
Batting: SHB Ramon Perez 0-0: Called Strike
0-1: Foul Ball, location: 2F
0-2: Ball
1-2: Strikes out swinging
Batting: LHB Tyler Francis 0-0: Called Strike
0-1: Ground out 4-3 (Groundball, 4, EV 89.4 MPH)
Batting: RHB Dan Allred 0-0: Ball
1-0: Called Strike
1-1: Called Strike
1-2: Ground out 4-3 (Groundball, 34, EV 81.9 MPH)
Bottom of the 4th over - 0 runs, 0 hits, 0 errors, 0 left on base; Lakewood 0 - Wisconsin 4
TOP OF THE 5TH
Lakewood BlueClaws batting - Pitching for Wisconsin Timber Rattlers : LHP Mike Moffett
Batting: RHB Cory Bonham 0-0: Ball
1-0: Ground out 6-3 (Groundball, 6, EV 83.8 MPH)
Batting: LHB Matt Urbanek 0-0: Swinging Strike
0-1: Foul Ball, location: 2F
0-2: Strikes out looking
Batting: RHB Vaclav Been 0-0: Called Strike
0-1: SINGLE (Groundball, 6MD, EV 107.5 MPH)
Batting: RHB Mike Bell 0-0: Ball
1-0: Foul Ball, location: 2F
1-1: Ball
2-1: Ground out 4-3 (Groundball, 34, EV 81.9 MPH)
Top of the 5th over - 0 runs, 1 hit, 0 errors, 1 left on base; Lakewood 0 - Wisconsin 4
BOTTOM OF THE 5TH
Wisconsin Timber Rattlers batting - Pitching for Lakewood BlueClaws : RHP Josh Howell
Batting: RHB Michael Dickerson 0-0: Called Strike
0-1: Ball
1-1: Called Strike
1-2: Foul Ball, location: 2F
1-2: Foul Ball, location: 2F
1-2: Ball
2-2: Foul Ball, location: 2F
2-2: Foul Ball, location: 2F
2-2: Ball
3-2: Foul Ball, location: 2F
3-2: Ground out U3 (Groundball, 34, EV 81.2 MPH)
Batting: RHB Chris Maul 0-0: Swinging Strike
0-1: Foul Ball, location: 2F
0-2: Strikes out looking
Batting: SHB Robert Sayer 0-0: Called Strike
0-1: SINGLE (Groundball, 6MD, EV 100.0 MPH)
Batting: LHB Karel Hort 0-0: Foul Ball, location: 2F
0-1: Called Strike
Robert Sayer steals 2nd base
0-2: Foul Ball, location: 2F
0-2: Ground out 4-3 (Groundball, 4, EV 93.8 MPH)
Bottom of the 5th over - 0 runs, 1 hit, 0 errors, 1 left on base; Lakewood 0 - Wisconsin 4
TOP OF THE 6TH
Lakewood BlueClaws batting - Pitching for Wisconsin Timber Rattlers : LHP Mike Moffett
Batting: RHB Victor Arias 0-0: Swinging Strike
0-1: Ball
1-1: Foul Ball, location: 2F
1-2: Ball
2-2: Ball
3-2: Ground out 5-3 (Groundball, 5, EV 86.9 MPH)
Pitching: RHP Danny Newbegin
Batting: SHB Steve DeRienzo 0-0: Called Strike
0-1: Foul Ball, location: 2F
0-2: SINGLE (Line Drive, 4D, EV 103.1 MPH)
Batting: RHB Trent Hedrick 0-0: Called Strike
0-1: SINGLE (Line Drive, 89S, EV 95.6 MPH)
Steve DeRienzo to second
Batting: LHB Eric Farren 0-0: Grounds into double play, 6-4-3 (Groundball, 6, EV 96.9 MPH)
Top of the 6th over - 0 runs, 2 hits, 0 errors, 1 left on base; Lakewood 0 - Wisconsin 4
BOTTOM OF THE 6TH
Wisconsin Timber Rattlers batting - Pitching for Lakewood BlueClaws : RHP Josh Howell
Batting: SHB Justin Hensley 0-0: Ball
1-0: Ground out 6-3 (Groundball, 6, EV 86.2 MPH)
Batting: RHB Ryan Miller 0-0: Ball
1-0: Foul Ball, location: 2F
1-1: Ground out 4-3 (Groundball, 4, EV 102.5 MPH)
Batting: SHB Ramon Perez 0-0: Ball
1-0: Foul Ball, location: 2F
1-1: Ball
2-1: Swinging Strike
2-2: Ball
3-2: Foul Ball, location: 2F
3-2: Base on Balls
Batting: LHB Tyler Francis 0-0: Called Strike
0-1: Swinging Strike
0-2: Ball
1-2: Foul Ball, location: 2F
1-2: Foul Ball, location: 2F
1-2: Foul Ball, location: 2F
1-2: Ground out U3 (Groundball, 3L, EV 86.9 MPH)
Bottom of the 6th over - 0 runs, 0 hits, 0 errors, 1 left on base; Lakewood 0 - Wisconsin 4
TOP OF THE 7TH
Lakewood BlueClaws batting - Pitching for Wisconsin Timber Rattlers : RHP Danny Newbegin
Batting: RHB Bryan Alfaro 0-0: Ball
1-0: Swinging Strike
1-1: Ground out 6-3 (Groundball, 56, EV 84.4 MPH)
Batting: RHB Cory Bonham 0-0: Ball
1-0: Ball
2-0: Foul Ball, location: 2F
2-1: Ball
3-1: Foul Ball, location: 2F
3-2: Strikes out swinging
Batting: LHB Matt Urbanek 0-0: Called Strike
0-1: Called Strike
0-2: Ground out 3-1 (Groundball, 34S, EV 89.4 MPH)
Top of the 7th over - 0 runs, 0 hits, 0 errors, 0 left on base; Lakewood 0 - Wisconsin 4
BOTTOM OF THE 7TH
Wisconsin Timber Rattlers batting - Pitching for Lakewood BlueClaws : RHP Josh Howell
Pitching: RHP Ian Savary
Batting: RHB Dan Allred 0-0: Ball
1-0: Called Strike
1-1: Foul Ball, location: 2F
1-2: Strikes out swinging
Batting: RHB Michael Dickerson 0-0: SINGLE (Groundball, 6MD, EV 105.0 MPH)
Batting: RHB Chris Maul 0-0: Fly out, F7 (Flyball, 7S, EV 95.0 MPH)
Batting: SHB Robert Sayer 0-0: Ball
1-0: Ball
2-0: Ball
3-0: Foul Ball, location: 2F
3-1: Foul Ball, location: 2F
3-2: Foul Ball, location: 2F
3-2: Foul Ball, location: 2F
3-2: Base on Balls
Michael Dickerson to second
Batting: LHB Karel Hort 0-0: Ball
1-0: Ball
2-0: Ball
3-0: Base on Balls
Michael Dickerson to third
Robert Sayer to second
Batting: SHB Justin Hensley 0-0: Foul Ball, location: 2F
0-1: Foul Ball, location: 2F
0-2: Strikes out swinging
Bottom of the 7th over - 0 runs, 1 hit, 0 errors, 3 left on base; Lakewood 0 - Wisconsin 4
TOP OF THE 8TH
Lakewood BlueClaws batting - Pitching for Wisconsin Timber Rattlers : RHP Danny Newbegin
Pitching: RHP Sal Contreras
Batting: RHB Vaclav Been 0-0: Ball
1-0: Ground out 6-3 (Groundball, 6, EV 85.6 MPH)
Batting: RHB Mike Bell 0-0: Foul Ball, location: 2F
0-1: Foul Ball, location: 2F
0-2: Ball
1-2: Strikes out swinging
Batting: RHB Victor Arias 0-0: Ball
1-0: Foul Ball, location: 2F
1-1: Called Strike
1-2: Ball
2-2: Ball
3-2: Strikes out looking
Top of the 8th over - 0 runs, 0 hits, 0 errors, 0 left on base; Lakewood 0 - Wisconsin 4
BOTTOM OF THE 8TH
Wisconsin Timber Rattlers batting - Pitching for Lakewood BlueClaws : RHP Ian Savary
Pitching: RHP Andrew Giles
Batting: RHB Ryan Miller 0-0: Called Strike
0-1: Called Strike
0-2: Strikes out swinging
Batting: SHB Ramon Perez 0-0: Called Strike
0-1: Swinging Strike
0-2: Strikes out looking
Batting: LHB Tyler Francis 0-0: Swinging Strike
0-1: Ball
1-1: Called Strike
1-2: Foul Ball, location: 2F
1-2: Ball
2-2: Foul Ball, location: 2F
2-2: Strikes out looking
Bottom of the 8th over - 0 runs, 0 hits, 0 errors, 0 left on base; Lakewood 0 - Wisconsin 4
TOP OF THE 9TH
Lakewood BlueClaws batting - Pitching for Wisconsin Timber Rattlers : RHP Sal Contreras
Batting: SHB Steve DeRienzo 0-0: Called Strike
0-1: Ball
1-1: Foul Ball, location: 2F
1-2: Fly out, F6 (Popup, 6M, EV 52.5 MPH)
Batting: RHB Trent Hedrick 0-0: Ball
1-0: Ground out 6-3 (Groundball, 6, EV 109.4 MPH)
Batting: LHB Eric Farren 0-0: Ground out U3 (Groundball, 34, EV 83.1 MPH)
Top of the 9th over - 0 runs, 0 hits, 0 errors, 0 left on base; Lakewood 0 - Wisconsin 4
Tuesday, March 28th , 2023 - OOTP Baseball 23.10 Build 110